 Dungeon Crawl Stone Soup version 0.32-a0-870-g877066f4b4 (webtiles) character file.

Game seed: 7553583168271450490

104008 Nvm9 the Fighter (level 15, -21/111 HPs)
             Began as a Demonspawn Fighter on Mar 29, 2024.
             Was a Follower of Lugonu.
             Demolished by a reaper
             ... wielding a +1 scythe of distortion
              (27 damage)
             ... on level 1 of the Depths.
             The game lasted 01:08:44 (23931 turns).

Nvm9 the Fighter (Demonspawn Fighter)              Turns: 23931, Time: 01:08:45

Health: -21/111    AC: 31    Str: 26    XL:     15   Next: 90%
Magic:  0/23       EV:  9    Int: 11    God:    Lugonu [*.....]
Gold:   107        SH: 18    Dex: 21    Spells: 14/14 levels left

rFire   + + .        i - +6 long sword of Peirusk {distort, rElec Int+2}
rCold   + . .        W - +0 tower shield "Xeuconk" {Will++ Str+3 Dex+2}
rNeg    + . .        s - +8 crystal plate armour
rPois   +            (helmet unavailable)
rElec   +            f - +1 cloak
rCorr   .            H - +2 pair of gloves
SInv    +            P - +1 pair of boots "Sucruvis" {rElec rPois rF+}
Will    +++++        w - amulet of guardian spirit Stlth
                     X - ring "Jobif" {rPois Dex+6 Clar}
HPRegen 0.38/turn    j - ring "Koiq" {*Slow rF+ rC+ rN+ Will++}
MPRegen 0.18/turn

%: slow self (1%), clarity, guardian spirit
@: agile
A: antennae 3, claws 1, powered by death 1, powered by pain 3, weakness stinger
2, deformed body, frail 1, strong-willed 1, passive freeze, inability to drink
after injury 1, sturdy frame 1, noise suppression
a: Renounce Religion, Depart the Abyss


You were on level 1 of the Depths.
You worshipped Lugonu.
Lugonu was aware of your devotion.
You visited 5 branches of the dungeon, and saw 21 of its levels.
You visited the Abyss 1 time.
You visited 1 bazaar.
You also visited: Sewer, Bailey and Gauntlet.

You collected 2171 gold pieces.
You spent 2064 gold pieces at shops.

Inventory:

Hand Weapons
 c - a +1 whip of electrocution
 i - the +6 long sword of Peirusk (weapon) {distort, rElec Int+2}
   (You found it on level 2 of the Dungeon)

   Int+2:     It affects your intelligence (+2).
   rElec:     It insulates you from electricity.
 u - a +5 long sword of freezing
 L - a +0 broad axe
 N - a +2 vampiric broad axe
Missiles
 a - 10 atropa-tipped darts
 n - 50 poisoned darts
 E - 11 javelins
 U - a curare-tipped dart (quivered)
Armour
 f - a +1 cloak (worn)
 h - a +2 kite shield of protection
 s - a +8 crystal plate armour (worn)
 v - a +2 plate armour of willpower
 G - +0 acid dragon scales
 H - a +2 pair of gloves (worn)
 P - the +1 pair of boots "Sucruvis" (worn) {rElec rPois rF+}
   (You found it in a Gauntlet)

   rF+:       It protects you from fire.
   rElec:     It insulates you from electricity.
   rPois:     It protects you from poison.
 R - a +0 tower shield
 W - the +0 tower shield "Xeuconk" (worn) {Will++ Str+3 Dex+2}
   (You acquired it in a bazaar)

   Str+3:     It affects your strength (+3).
   Dex+2:     It affects your dexterity (+2).
   Will++:    It greatly increases your willpower.
Jewellery
 b - a ring of fire
 e - an amulet of reflection
 j - the ring "Koiq" (right hand) {*Slow rF+ rC+ rN+ Will++}
   (You acquired it on level 10 of the Dungeon)

   [ring of positive energy]

   rF+:       It protects you from fire.
   rC+:       It protects you from cold.
   rN+:       It protects you from negative energy.
   Will++:    It greatly increases your willpower.
   *Slow:     It may slow you when you take damage.
 w - an amulet of guardian spirit (around neck)
 C - a ring of willpower
 M - a +4 ring of protection
 Q - an amulet of magic regeneration
 X - the ring "Jobif" (left hand) {rPois Dex+6 Clar}
   (You bought it in a shop on level 11 of the Dungeon)

   [ring of dexterity]

   Dex+6:     It affects your dexterity (+6).
   rPois:     It protects you from poison.
   Clar:      It protects you from confusion, rage, mesmerisation and fear.
Wands
 k - a wand of mindburst (37)
 y - a wand of polymorph (3)
 D - a wand of flame (16)
 T - a wand of charming (5)
 Y - a wand of iceblast (10)
Scrolls
 m - 3 scrolls of teleportation
 o - 2 scrolls of poison
 t - 15 scrolls of identify
 I - a scroll of summoning
 J - a scroll of revelation
 K - a scroll of immolation
Potions
 d - 7 potions of might
 l - a potion of magic
 p - a potion of heal wounds
 q - 5 potions of enlightenment
 r - 3 potions of curing
 x - 2 potions of berserk rage
 z - 4 potions of invisibility
 A - 3 potions of haste
 B - 4 potions of brilliance
 F - a potion of mutation
 S - a potion of attraction
 Z - 2 potions of ambrosia
Miscellaneous
 O - a lightning rod (4/4)


   Skills:
 * Level 13.5 Fighting
 * Level 12.0 Long Blades
 + Level 8.9 Axes
 + Level 8.3 Throwing
 * Level 12.4 Armour
 * Level 10.1 Shields
 * Level 11.4 Invocations
 + Level 2.9 Evocations


You had 14 spell levels left.
You didn't know any spells.
Your spell library contained the following spells:

 Spells                   Type           Power      Damage    Failure   Level
 Necrotise                Necr           0%         1d4       100%        1
 Sting                    Conj/Alch      0%         1d3       100%        1
 Summon Small Mammal      Summ           0%         N/A       100%        1
 Ensorcelled Hibernation  Hex/Ice        0%         N/A       100%        2
 Mercury Vapours          Alch/Air       0%         N/A       100%        2
 Sublimation of Blood     Necr           0%         N/A       100%        2
 Fugue of the Fallen      Necr           0%         N/A       100%        3
 Stone Arrow              Conj/Erth      0%         3d7       100%        3
 Tukima's Dance           Hex            0%         N/A       100%        3
 Vampiric Draining        Necr           0%         2d6       100%        3
 Anguish                  Hex/Necr       0%         N/A       100%        4
 Animate Armour           Summ/Erth      0%         N/A       100%        4
 Animate Dead             Necr           0%         N/A       100%        4
 Dimensional Bullseye     Hex/Tloc       0%         N/A       100%        4
 Iskenderun's Mystic Bla Conj/Tloc 0%             2d3        (+2d1     100%        4
 Martyr's Knell           Necr/Summ      0%         N/A       100%        4
 Olgreb's Toxic Radiance  Alch           0%         N/A       100%        4
 Petrify                  Alch/Erth      0%         N/A       100%        4
 Borgnjor's Vile Clutch   Necr/Erth      0%         N/A       100%        5
 Curse of Agony           Necr           0%         N/A       100%        5
 Irradiate                Conj/Alch      0%         3d11      100%        5
 Conjure Ball Lightning   Conj/Air       0%         3x3d6     100%        6
 Death Channel            Necr           0%         N/A       100%        6
 Discord                  Hex            0%         N/A       100%        8
 Disjunction              Tloc           0%         N/A       100%        8
 Lehudib's Crystal Spear  Conj/Erth      0%         10d2      100%        8


Dungeon Overview and Level Annotations

Branches:
Dungeon (15/15)            Temple (1/1) D:4            Lair (2/5) D:11
    Orc (2/2) D:10            Elf (0/3) Orc:2        Vaults (0/5) D:14
 Depths (1/4) D:15          Sewer (visited)          Bailey (visited)
Gauntlet (visited)
  Swamp: Lair:2-3    Shoals: Lair:2-3     Snake: Lair:2-3    Spider: Lair:2-3

Altars:
Ashenzari
Cheibriados
Dithmenos
Fedhas
Gozag
Hepliaklqana
Kikubaaqudgha
Makhleb
Nemelex Xobeh
Okawaru
Qazlal
Ru
Sif Muna
Trog
Uskayaw
Vehumet
Wu Jian
Xom
Yredelemnul

Shops:
D:1 (   D:9 ?   D:10 [!((   D:11 *   D:12 =   D:13 [(?(   Orc:2 **?:[

Portals:
Pandemonium: Orc:2
Ziggurat: Depths:1

Annotations:
Orc:2 2 transporters, nojaa's ghost, adept KoEn
Abyss:1 Eustachio; Rupert


Innate Abilities, Weirdness & Mutations

You have a pair of large antennae on your head. (SInv)
You have sharp fingernails.
You regenerate a little health from kills.
You are powered by pain.
You have a tail ending in a sharp stinger.
Armour fits poorly on your strangely shaped body.
You are frail. (-10% HP)
You are strong-willed. (Will+)
A frigid envelope surrounds you and freezes all who hurt you.
You occasionally lose the ability to drink potions when taking damage.
Your movements are slightly less encumbered by armour. (ER -2)
You passively dampen the noise of your surroundings.


Message History

Something gnaws on your mind!
You feel your power leaking away. The reaper hits you but does no damage.
Space warps horribly around you!
The reaper is very cold.
The reaper resists.
The reaper is lightly wounded.
The green death gestures at you. The bolt of poison hits you! You resist.
You block the smoke demon's attack. x2
The smoke demon hits you but does no damage.
The smoke demon is very cold.
The smoke demon is lightly wounded.
The neqoxec gestures at you. Something gnaws on your mind!
You feel your power leaking away.
The reaper hits you from afar with a +1 scythe of distortion!!
* * * LOW HITPOINT WARNING * * *
You focus on the pain.
You feel agile all of a sudden. Space warps around you.
* * * LOW HITPOINT WARNING * * *
You block the green death's attack.
Unknown command.
You feel much better. You block the smoke demon's attack. x3
The green death hits you but does no damage.
The green death is very cold.
The green death is lightly wounded.
The reaper hits you but does no damage.
Okay, then.
The neqoxec gestures at you. Something gnaws heavily on your mind!
* * * LOW HITPOINT WARNING * * *
You feel your power leaking away.
The green death attacks as it pursues you!
The green death hits you!!
* * * LOW HITPOINT WARNING * * *
The green death is very cold.
The green death is lightly wounded.
The reaper attacks as it pursues you!
The reaper hits you from afar with a +1 scythe of distortion!!
You die...

* #..# #..# ###########*,,
###.### #.## *,*
......######'####### ********+*
......'.#..........#****,,,,,,,,,
......#.#..........#,,,+,,,,,,,,,
......#.#)..^......#,***,,,,,,,,,
......#.'......23..+,* *,,,,,,,,,
......###......32..#** *,,,,,,,,,
####### #.......@>.# **********
,***** ######'##### **,,,* #...#
,***+### ###.## .,,*,..# #..#
.ß,**#.# #######'##
...,*#.####......3.#
....*#.##.+.3.#....#
..ß.ß#.+{.#..###...#


You could see a reaper, a green death, a smoke demon and a neqoxec.

Vanquished Creatures
  2 bone dragons (Abyss:2)
  Jorgrun (D:14)
  3 tentacled starspawn (Abyss:2)
  An Executioner (Abyss:2)
  The ghost of Amplified the Fighter, an adept DsWn of Gozag (D:15)
  A fire giant (Depths:1)
  A revenant (Abyss:2)
  A frost giant (Depths:1)
  Louise (D:15)
  A very ugly thing (Abyss:2)
  A stone giant (Depths:1)
  A vampire knight (Depths:1)
  A minotaur (Gauntlet)
  A yaktaur captain (D:15)
  2 vault guards (D:14)
  A hell beast (Gauntlet)
  A rakshasa (D:15)
  A hydra (D:15)
  7 centaur warriors
  Erolcha (D:12)
  A demonspawn (Orc:1)
  An ironbound frostheart (D:14)
  6 two-headed ogres
  2 boulder beetles
  A soul eater (Orc:2)
  3 orc high priests (Orc:2)
  A fire crab (Gauntlet)
  3 skeletal warriors (D:12)
  An arcanist (D:15)
  3 deep elf pyromancers
  4 orc knights
  35 ugly things
  9 orc sorcerers
  A manticore (D:12)
  5 elephants
  4 cyclopes
  2 kobold blastminers (Orc:2)
  A black mamba (Lair:1)
  An apocalypse crab (Abyss:2)
  An orange demon (Abyss:2)
  A rust devil (Orc:1)
  Joseph (D:7)
  4 cane toads
  A yaktaur (shapeshifter) (Abyss:2)
  An unseen horror (D:12)
  A komodo dragon (Lair:1)
  4 trolls
  An efreet (D:15)
  A tengu conjurer (D:13)
  A wolf spider simulacrum (D:15)
  5 blink frogs (Lair:1)
  2 raiju (Abyss:2)
  3 slime creatures
  A vampire (D:13)
  5 shadows
  2 wraiths
  5 wyverns
  A fire elemental (Lair:2)
  3 humans (D:14)
  40 yaks
  A centaur simulacrum (D:14)
  3 vampire mosquitoes
  3 fire bats (Gauntlet)
  3 basilisks
  2 neqoxecs (Abyss:2)
  4 acid dragons
  12 water moccasins
  A hell hound (Gauntlet)
  Pargi (D:3)
  An ice beast (D:6)
  28 orc warriors
  A black bear (Lair:1)
  A small abomination (Abyss:2)
  2 laughing skulls (D:15)
  4 ogres
  5 boggarts (D:14)
  7 wolves
  11 centaurs
  2 phantoms
  8 kobold brigands
  9 bullfrogs
  3 scorpions
  A gnoll sergeant (D:9)
  13 wights
  A troll zombie (D:10)
  10 killer bees
  2 electric eels (D:13)
  3 howler monkeys (D:12)
  A quasit (Abyss:2)
  An iron imp (Abyss:2)
  11 jellies
  18 orc priests
  A hound (D:6)
  A sleepcap (D:4)
  A starcursed mass (Abyss:2)
  4 iguanas
  Ijyb (D:3)
  Terence (D:2)
  12 orc wizards
  5 ogre zombies (D:10)
  Robin (D:3)
  16 adders
  12 gnolls
  5 river rats (Sewer)
  2 shadow imps
  4 white imps
  3 dart slugs
  3 ribbon worms
  86 orcs
  9 ball pythons
  12 endoplasms
  5 giant cockroaches
  11 goblins
  11 hobgoblins
  2 quokkas
  2 bats
  9 frilled lizards
  A gnoll skeleton (D:10)
  4 goblin zombies (D:4)
  40 kobolds
  2 kobold skeletons (D:4)
  7 orc skeletons
  11 orc zombies (D:10)
  26 rats
  A butterfly (Lair:1)
  6 starspawn tentacles (Abyss:2)
688 creatures vanquished.

Vanquished Creatures (others)
  An occultist (Depths:1)
  A kobold brigand (Sewer)
  A lurking horror (Abyss:2)
  17 starspawn tentacles (Abyss:2)
20 creatures vanquished.

Grand Total: 708 creatures vanquished

Notes
Turn   | Place    | Note
-------+----------+-------------------------------------------
     0 | D:1      | Nvm9 the Demonspawn Fighter began the quest for the Orb.
     0 | D:1      | Reached XP level 1. HP: 18/18 MP: 1/1
    55 | D:1      | Found Hamp's Antique Weapon Shoppe.
    81 | D:1      | Discovered your monstrous ancestry.
    81 | D:1      | Gained mutation: You have a small tail. [demonic ancestry]
    81 | D:1      | Reached XP level 2. HP: 20/24 MP: 2/2
   694 | D:1      | Gained mutation: You sometimes gain a little power by
                  | taking damage. [demonic ancestry]
   694 | D:1      | Reached XP level 3. HP: 28/29 MP: 3/3
   964 | D:2      | Noticed Terence
   981 | D:2      | Killed Terence
  1304 | D:2      | Gained mutation: You have a pair of small antennae on your
                  | head. [demonic ancestry]
  1304 | D:2      | Reached XP level 4. HP: 35/36 MP: 4/4
  1338 | D:2      | Identified the +6 long sword of Peirusk {distort, rElec
                  | Int+2}
  1547 | D:3      | Noticed Pargi
  1563 | D:3      | Killed Pargi
  1564 | D:3      | Reached skill level 4 in Fighting
  1564 | D:3      | Reached skill level 1 in Long Blades
  1564 | D:3      | Gained mutation: You sometimes gain power by taking damage.
                  | [demonic ancestry]
  1564 | D:3      | Reached XP level 5. HP: 35/42 MP: 5/5
  2080 | D:3      | Noticed Ijyb
  2140 | D:3      | Found a faded altar of an unknown god.
  2174 | D:3      | Noticed Robin
  2181 | D:3      | Killed Robin
  2219 | D:3      | Found a blossoming altar of Fedhas.
  2285 | D:3      | Killed Ijyb
  2286 | D:3      | Gained mutation: You have a pair of antennae on your head.
                  | [demonic ancestry]
  2286 | D:3      | Reached XP level 6. HP: 45/49 MP: 6/6
  2979 | D:4      | Found a staircase to the Ecumenical Temple.
  3017 | Temple   | Entered the Ecumenical Temple
  3345 | D:4      | Found a shimmering altar of Xom.
  3362 | D:4      | Reached skill level 7 in Fighting
  3362 | D:4      | Gained mutation: You have a pair of large antennae on your
                  | head. (SInv) [demonic ancestry]
  3362 | D:4      | Reached XP level 7. HP: 4/61 MP: 7/7
  3363 | D:4      | HP: 1/61 [orc priest/nerve-wracking pain (4)]
  3541 | D:4      | Found a bloodstained altar of Trog.
  3624 | D:5      | Entered Level 5 of the Dungeon
  3678 | D:5      | Gained mutation: You have sharp fingernails. [demonic
                  | ancestry]
  3678 | D:5      | Reached XP level 8. HP: 52/68 MP: 8/8
  3801 | D:5      | Reached skill level 8 in Fighting
  3897 | D:5      | Noticed Eustachio
  3901 | D:5      | Banished Eustachio
  3902 | D:5      | Reached skill level 5 in Axes
  4133 | D:5      | Gained mutation: A frigid envelope surrounds you and
                  | freezes all who hurt you. [potion of mutation]
  4133 | D:5      | Gained mutation: You are frail. (-10% HP) [potion of
                  | mutation]
  4133 | D:5      | Gained mutation: You passively dampen the noise of your
                  | surroundings. [potion of mutation]
  4133 | D:5      | Gained mutation: You have hidden genetic potential. [potion
                  | of mutation]
  4314 | D:6      | Reached XP level 9. HP: 66/66 MP: 9/9
  4331 | D:6      | Found a glowing drain.
  4359 | Sewer    | Entered a sewer
  5055 | D:6      | Found a shadowy altar of Dithmenos.
  5417 | D:6      | Gained mutation: Your movements are slightly less
                  | encumbered by armour. (ER -2) [hidden potential]
  5536 | D:7      | Noticed Joseph
  5546 | D:7      | Killed Joseph
  5858 | D:7      | Found an ornate altar of the Wu Jian Council.
  6733 | D:8      | Reached XP level 10. HP: 27/73 MP: 10/10
  7060 | D:8      | Found a snail-covered altar of Cheibriados.
  7131 | D:8      | Gained mutation: You are strong-willed. (Will+) [hidden
                  | potential]
  7131 | D:8      | Lost mutation: You have hidden genetic potential. [hidden
                  | potential expressed]
  7434 | D:8      | Reached skill level 9 in Fighting
  7812 | D:9      | Found a burning altar of Makhleb.
  7879 | D:9      | Found a flagged portal.
  7916 | Bailey   | Entered a bailey
  8812 | D:9      | Found a stormy altar of Qazlal.
  8822 | D:9      | Became a worshipper of Qazlal Stormbringer
  8851 | D:9      | Found a hide-covered altar of Uskayaw.
  8882 | D:9      | Reached skill level 5 in Throwing
  9153 | D:9      | Found Xaackip's Magic Scroll Emporium.
  9226 | D:9      | Noticed a two-headed ogre
  9235 | D:9      | Killed a two-headed ogre
  9236 | D:9      | Reached skill level 5 in Shields
  9236 | D:9      | Gained mutation: You regenerate a little health from kills.
                  | [demonic ancestry]
  9236 | D:9      | Reached XP level 11. HP: 80/80 MP: 11/11
  9259 | D:9      | Noticed a two-headed ogre
  9269 | D:9      | Killed a two-headed ogre
  9582 | D:9      | Reached * piety under Qazlal
  9734 | D:10     | Entered Level 10 of the Dungeon
  9734 | D:10     | Found a sparkling altar of Nemelex Xobeh.
  9739 | D:10     | Found Ritoxir's Weapon Shop.
  9743 | D:10     | Found Dyaczeej's Armour Emporium.
  9997 | D:10     | Found Jiarid's Distillery.
 10021 | D:10     | Bought a potion of heal wounds for 80 gold pieces
 10164 | D:10     | Found a staircase to the Orcish Mines.
 10171 | D:10     | Noticed an orc sorcerer
 10186 | D:10     | Killed an orc sorcerer
 10187 | D:10     | Reached skill level 10 in Fighting
 10191 | D:10     | Reached ** piety under Qazlal
 10235 | D:10     | Noticed a two-headed ogre
 10240 | D:10     | Killed a two-headed ogre
 10321 | D:10     | Found an ancient bone altar of Kikubaaqudgha.
 10322 | D:10     | Found a radiant altar of Vehumet.
 10324 | D:10     | Found a shimmering blue altar of Sif Muna.
 10331 | D:10     | Got Sif Muna's Guide on Rallying
 10514 | D:10     | Found Ehacs's Antique Weapon Boutique.
 10532 | D:10     | Bought a broad axe for 100 gold pieces
 10533 | D:10     | Identified a scroll of acquirement
 10533 | D:10     | Acquired the ring "Koiq" {*Slow rF+ rC+ rN+ Will++}
 10644 | D:10     | Found an opulent altar of Gozag.
 10805 | D:11     | Found Saos's Clear Minds Boutique.
 10806 | D:11     | Noticed a two-headed ogre
 10816 | D:11     | Killed a two-headed ogre
 10824 | D:11     | Found a gate leading to a gauntlet.
 10829 | Gauntlet | Entered a Gauntlet
 10829 | Gauntlet | Found a transporter.
 10829 | Gauntlet | Found a transporter.
 10834 | Gauntlet | Noticed a sixfirhy
 10842 | Gauntlet | Found a transporter.
 10844 | Gauntlet | Found a transporter.
 10845 | Gauntlet | Found a transporter.
 10845 | Gauntlet | Found a transporter.
 10878 | Gauntlet | Found a transporter.
 10879 | Gauntlet | Noticed a fire crab
 10882 | Gauntlet | Found a transporter.
 10884 | Gauntlet | Noticed a hell hog
 10886 | Gauntlet | Found a runed translucent door.
 10886 | Gauntlet | Found a runed translucent door.
 10900 | Gauntlet | Found a transporter.
 10916 | Gauntlet | Noticed a hell beast
 10917 | Gauntlet | Found a transporter.
 10938 | Gauntlet | Found a transporter.
 10942 | Gauntlet | Found a transporter.
 10942 | Gauntlet | Noticed a tengu warrior
 11126 | Gauntlet | Killed a fire crab
 11132 | Gauntlet | Reached skill level 1 in Invocations
 11134 | Gauntlet | Identified the +1 pair of boots "Sucruvis" {rElec rPois
                  | rF+}
 11197 | Gauntlet | Killed a hell beast
 11259 | Gauntlet | Noticed a minotaur
 11274 | Gauntlet | Killed a minotaur
 11553 | D:11     | Bought the ring "Jobif" {rPois Dex+6 Clar} for 856 gold
                  | pieces
 11769 | D:11     | Reached XP level 12. HP: 84/88 MP: 11/13
 12071 | D:11     | Found a staircase to the Lair.
 12081 | Lair:1   | Entered Level 1 of the Lair of Beasts
 12201 | Lair:1   | Reached *** piety under Qazlal
 12287 | Lair:1   | Noticed a boulder beetle
 12293 | Lair:1   | Banished a boulder beetle
 12409 | Lair:1   | Reached skill level 10 in Armour
 12838 | Lair:2   | Reached skill level 5 in Invocations
 12863 | Lair:2   | Reached skill level 11 in Fighting
 13054 | Lair:2   | Reached **** piety under Qazlal
 13102 | Lair:2   | Noticed a boulder beetle
 13118 | Lair:2   | Killed a boulder beetle
 13339 | Lair:2   | Reached XP level 13. HP: 95/95 MP: 17/17
 13923 | Orc:1    | Entered Level 1 of the Orcish Mines
 14163 | Orc:2    | Entered Level 2 of the Orcish Mines
 14177 | Orc:2    | Found a staircase to the Elven Halls.
 14435 | Orc:2    | Found a transporter.
 14439 | Orc:2    | Noticed an ettin
 14445 | Orc:2    | Found a bloodstained altar of Trog.
 14465 | Orc:2    | Noticed nojaa's ghost (adept KoEn)
 14489 | Orc:2    | Found a transporter.
 14897 | Orc:2    | Found Keuroduv's General Store.
 14898 | Orc:2    | Found Feamuap's General Store.
 15800 | Orc:2    | Bought a +2 kite shield of protection for 322 gold pieces
 15902 | Orc:2    | Reached skill level 10 in Long Blades
 16864 | Orc:2    | Found Wuollel's Book Emporium.
 16864 | Orc:2    | Found a one-way gate leading to the halls of Pandemonium.
 16864 | Orc:2    | Found Awadem's Antique Armour Shoppe.
 17209 | Orc:2    | Found Puuq's Magic Scroll Emporium.
 17877 | D:12     | Noticed Rupert
 17883 | D:12     | Banished Rupert
 18019 | D:12     | Reached skill level 12 in Fighting
 18069 | D:12     | Gained mutation: You are powered by pain. [demonic
                  | ancestry]
 18069 | D:12     | Reached XP level 14. HP: 65/103 MP: 15/20
 18203 | D:12     | Found Setiom's Jewellery Shoppe.
 18359 | D:12     | Noticed Erolcha
 18368 | D:12     | Killed Erolcha
 18867 | D:13     | Found Tuleb's Antique Weapon Shoppe.
 19039 | D:13     | Found Hayxoed's Magic Scroll Boutique.
 19044 | D:13     | Bought a scroll of enchant armour for 105 gold pieces
 19044 | D:13     | Bought a scroll of brand weapon for 133 gold pieces
 19208 | D:13     | Found Zokkakk's Weapon Boutique.
 19323 | D:13     | Found Befofu's Armour Shop.
 19561 | D:14     | Noticed Jorgrun
 19576 | D:14     | Killed Jorgrun
 20104 | D:14     | Found a gate to the Vaults.
 20744 | D:15     | Entered Level 15 of the Dungeon
 21188 | D:15     | Found a staircase to the Depths.
 21357 | D:15     | Found a runed translucent door.
 21357 | D:15     | Noticed Amplified's ghost (adept DsWn)
 21524 | D:15     | Noticed Louise
 21537 | D:15     | Killed Louise
 21538 | D:15     | Reached skill level 1 in Evocations
 21663 | D:15     | Gained mutation: You have a tail ending in a sharp stinger.
                  | [demonic ancestry]
 21663 | D:15     | Reached XP level 15. HP: 109/109 MP: 22/22
 21664 | D:15     | Reached skill level 10 in Invocations
 22049 | D:15     | Reached skill level 13 in Fighting
 22401 | D:15     | Killed Amplified's ghost
 22454 | Depths:1 | Entered Level 1 of the Depths
 22499 | Depths:1 | Noticed a fire giant
 22508 | Depths:1 | Killed a fire giant
 22760 | Depths:1 | Noticed a frost giant
 22769 | Depths:1 | Killed a frost giant
 22778 | Depths:1 | Found a one-way gateway to a ziggurat.
 22821 | Depths:1 | Found a flickering gateway to a bazaar.
 22824 | Bazaar   | Entered a bazaar
 22871 | Bazaar   | Found Reipaq's Antique Armour Boutique.
 22885 | Bazaar   | Found Jonurose's Magic Scroll Shop.
 22913 | Bazaar   | Found Leim's Weapon Shop.
 22927 | Bazaar   | Found Bupoys's Distillery.
 22941 | Bazaar   | Found Copaheoc's Weapon Shop.
 23033 | Bazaar   | Bought a scroll of revelation for 52 gold pieces
 23033 | Bazaar   | Bought a scroll of enchant armour for 52 gold pieces
 23033 | Bazaar   | Bought a scroll of acquirement for 364 gold pieces
 23037 | Bazaar   | Acquired the +0 tower shield "Xeuconk" {Will++ Str+3 Dex+2}
 23125 | Abyss:2  | Cast into level 2 of the Abyss (reaper)
 23224 | Abyss:2  | Gained mutation: You occasionally lose the ability to drink
                  | potions when taking damage. [a neqoxec]
 23279 | Abyss:2  | Noticed a tentacled starspawn
 23303 | Abyss:2  | Killed a tentacled starspawn
 23320 | Abyss:2  | Noticed a tentacled starspawn
 23331 | Abyss:2  | Noticed a bone dragon
 23392 | Abyss:2  | Found a corrupted altar of Lugonu.
 23406 | Abyss:2  | Killed a tentacled starspawn
 23481 | Abyss:2  | Banished Rupert
 23495 | Abyss:2  | Noticed a bone dragon
 23496 | Abyss:2  | Noticed a revenant
 23502 | Abyss:2  | Killed a revenant
 23519 | Abyss:2  | Noticed a tentacled starspawn
 23528 | Abyss:2  | Killed a bone dragon
 23544 | Abyss:2  | Killed a tentacled starspawn
 23714 | Abyss:2  | Reached skill level 10 in Shields
 23789 | Abyss:2  | Noticed an Executioner
 23807 | Abyss:2  | Found a corrupted altar of Lugonu.
 23812 | Abyss:2  | Killed an Executioner
 23818 | Abyss:2  | Noticed a bone dragon
 23846 | Abyss:2  | Killed a bone dragon
 23913 | Abyss:2  | Found a corrupted altar of Lugonu.
 23925 | Abyss:2  | Fell from the grace of Qazlal
 23925 | Abyss:2  | Became a worshipper of Lugonu the Unformed
 23925 | Abyss:2  | Reached * piety under Lugonu
 23925 | Abyss:2  | Reached ** piety under Lugonu
 23926 | Depths:1 | Escaped the Abyss
 23927 | Depths:1 | Gained mutation: Armour fits poorly on your strangely
                  | shaped body. [a neqoxec]
 23931 | Depths:1 | Demolished by a reaper

Illustrated notes

Levels and vault maps discovered:
D:1:      denvon_arrival_planthouse, layout_loops_cross, serial_shops,
          nicolae_shop_statue_plus, lexackson_kobold_supper
D:2:      layout_basic, minivault_14, kennysheep_doodads, uniq_terence
D:3:      minmay_octagon_keep, layout_loops_ring, elyvilon_altar_3,
          old_standard_altar, shapermc_ecumenical_altar_mp_vishouse,
          serial_bayou, serial_bayou_pond_c, serial_bayou_lake_a,
          serial_bayou_pond_b, nicolae_goblin_pals, uniq_pargi
D:4:      layout_basic, nicolae_tso_besieged_by_evil,
          mainiacjoe_overflow_catwalk_spiral,
          minmay_temple_entry_gardened_gates, chequers_hall_statues_corner_a
D:5:      layout_rooms, uniq_eustachio
D:6:      layout_rooms, amcnicky_altar_gilded, gup_sewer_entry_glass
D:7:      layout_layer_cave, nzn_wu_jian_council_hall,
          chequers_serial_rivers_room_a, uniq_joseph
D:8:      lemuel_slime, layout_rooms, mainiacjoe_overflow_chevrons
D:9:      layout_layer_cave, nicolae_overflow_crystal_walls,
          grunt_qazlal_sundering, mainiacjoe_overflow_paths, serial_shops, shop,
          lightli_bailey_entry_fortress
D:10:     layout_basic, grunt_temple_overflow_magic_moments,
          mainiacjoe_overflow_tiny_flanked, nicolae_gozag_seed_capital,
          zombieorc1_lemuel, serial_shops, shop_coins, shop, shop,
          nicolae_shop_tiny_statue_garden, chequers_serial_rivers_room_b
D:11:     layout_loops_corners, minmay_lair_entry_grove, gauntlet_entry_generic,
          blue_anna_alchemist, nicolae_clarity_for_sale
D:12:     layout_rooms, serial_shops, shop, uniq_rupert, uniq_erolcha
D:13:     layout_basic, serial_shops, nicolae_shop_pleasant_corner_grove,
          nicolae_shop_hallway_plus, shop_statue, shop, serial_bayou,
          serial_bayou_pond_e, serial_bayou_pond_d, serial_bayou_pond_a,
          serial_bayou_pond_a, serial_bayou_lagoon_a, serial_bayou_pond_a
D:14:     layout_stronghold, hellmonk_vaults_keyhole, uniq_jorgrun
D:15:     hellmonk_depths_entry_around_the_bend, layout_irregular_city,
          gammafunk_ghost_grave, hangedman_abyss_or_decor_passed, uniq_louise
Temple:   hellmonk_temple_beads
Lair:1:   layout_concentric_octagons, grunt_megastairs_5, lemuel_fruit_fields
Lair:2:   layout_gridlike, beast_lair_carwin_5
Orc:1:    layout_caves
Orc:2:    pf_orc_diabolical, layout_caves, serial_shops, nicolae_shop_rolled_up,
          special_room, gammafunk_ghost_wrathful_warriors
Depths:1: layout_roguey, enter_ziggurat_f, serial_shops, bzr_firewalk,
          serial_bayou_pond_e, grunt_hell_entry_demonic_statue,
          kennysheep_generic_room_12, uniq_sojobo

Skill      XL: |  1  2  3  4  5  6  7  8  9 10 11 12 13 14 15 |
---------------+----------------------------------------------+-----
Axes           | 2 4 5 6 7 8 |  8.9
Armour         | 3 4 7 8 9 10 11 12 | 12.4
Shields        | 3 4 5 7 8 9 10 | 10.1
Fighting       | 4 7 8 9 10 11 12 13 | 13.5
Long Blades    | 1 6 7 8 9 10 11 12 | 12.0
Throwing       | 3 4 5 6 7 8 |  8.3
Invocations    | 2 5 8 9 11 | 11.4
Evocations     | 1 2 |  2.9

Action                     |  1- 3 |  4- 6 |  7- 9 | 10-12 | 13-15 || total
---------------------------+-------+-------+-------+-------+-------++-------
  Melee: War axe           |    78 |     2 |       |       |       ||    80
         Tailslap          |     8 |     9 |    20 |    77 |   185 ||   299
         Long sword        |       |   133 |   201 |   530 |   926 ||  1790
  Throw: Javelin           |       |       |       |     6 |     4 ||    10
         Dart              |       |       |       |    10 |     2 ||    12
 Invoke: Upheaval          |       |       |       |       |    31 ||    31
         Depart the Abyss  |       |       |       |       |     1 ||     1
    Use: Scroll            |     1 |     5 |     4 |    12 |    15 ||    37
         Potion            |     1 |     1 |     6 |     2 |     7 ||    17
   Stab: Invisible         |       |       |     2 |       |       ||     2
 Armour: Scale mail        |    57 |    38 |       |       |       ||    95
         Plate armour      |       |    71 |   150 |    78 |       ||   299
         Crystal plate arm |       |       |       |   274 |   726 ||  1000
  Dodge: Dodged            |    30 |    35 |    50 |    69 |    88 ||   272
         Repelled          |       |       |       |       |     8 ||     8
  Block: Buckler           |    13 |    86 |   108 |   141 |       ||   348
         Reflection        |       |     1 |     6 |     5 |       ||    12
         Kite shield       |       |       |       |   195 |   616 ||   811
         Tower shield      |       |       |       |       |   418 ||   418

Table legend: (Time is in decaauts)
 A = Elapsed time spent in this place.
 B = Non-inter-level travel time spent in this place.
 C = Inter-level travel time spent in this place.
 D = Time resting spent in this place.
 E = Time spent auto-exploring this place.
 F = Levels seen in this place.
 G = Mean time per level.
                   A        B        C        D        E       F      G
               +--------+--------+--------+--------+--------+-----+--------+
         Total |  24136 |  23478 |    658 |   5147 |  10917 |  26 |  928.3 |
       Dungeon |  15191 |  14636 |    555 |   2404 |   8758 |  15 | 1012.7 |
        Temple |     11 |      7 |      4 |      0 |      0 |   1 |   11.0 |
          Lair |   1793 |   1727 |     66 |    183 |   1152 |   2 |  896.5 |
  Orcish Mines |   3507 |   3474 |     33 |   1234 |    721 |   2 | 1753.5 |
        Depths |    386 |    386 |      0 |    148 |      0 |   1 |  386.0 |
         Abyss |    806 |    806 |      0 |    388 |      0 |   1 |  806.0 |
        Bazaar |    295 |    295 |      0 |     25 |      0 |   1 |  295.0 |
         Sewer |    569 |    569 |      0 |    100 |    285 |   1 |  569.0 |
        Bailey |    882 |    882 |      0 |    449 |      0 |   1 |  882.0 |
      Gauntlet |    691 |    691 |      0 |    215 |      0 |   1 |  691.0 |
               +--------+--------+--------+--------+--------+-----+--------+

Top non-repeatable levels by time:
   Orc:2: 2861 daAuts
    D:15: 1653 daAuts
    D:14: 1306 daAuts
     D:7: 1284 daAuts
     D:9: 1193 daAuts
     D:3: 1171 daAuts
    D:10: 1133 daAuts
    D:11: 1046 daAuts
  Lair:2: 1003 daAuts
    D:12: 986 daAuts
     D:1: 986 daAuts
     D:8: 976 daAuts
  Bailey: 882 daAuts
 Abyss:2: 806 daAuts
     D:4: 791 daAuts
